Cogmind - Beta 14 @@@ ROGUE MODE // 2024.12.31 @ 14:02:53 Player: Nueadkie Result: Destroyed by G-34 Mercenary with Small Laser Performance ------------- Evolutions (0) 0 Regions Visited (2) 400 Robots Destroyed (36) 180 Value Destroyed (733) 733 Prototype IDs (1) 20 Alien Tech Used (0) 0 Bonus (0) 0 TOTAL SCORE: 1333 Bonus ------- None Cogmind --------- Core Integrity 0/250 Matter 290/300 Energy 156/160 System Corruption 1% Temperature Cool (8) Movement Treading (160) Location -10/Mines Parts ------- > --- POWER (1) -------- Light Nuclear Core > --- PROPULSION (2) --- Improved Treads Improved Treads > --- UTILITY (2) ------ Large Storage Unit Transport Network Coupler > --- WEAPON (2) ------- Advanced Beam Cannon Advanced Beam Cannon > --- INVENTORY (15) --- Light Ion Engine Light Ion Engine Heat Sink Heat Sink Sensor Array Improved Terrain Scanner Improved Terrain Scanner Terrain Scan Processor EM Pulse Gun Advanced Beam Cannon Plasma Flamer Blade Trap Blade Trap Blade Trap Peak State ------------ > --- POWER ------------ Light Nuclear Core > --- PROPULSION ------- Improved Treads Improved Treads > --- UTILITY ---------- Large Storage Unit Transport Network Coupler > --- WEAPON ----------- Advanced Beam Cannon Advanced Beam Cannon > --- INVENTORY -------- Light Ion Engine Improved Treads Aluminum Leg Heat Sink Heat Sink Sensor Array Improved Terrain Scanner Improved Terrain Scanner Terrain Scan Processor EM Pulse Gun Advanced Beam Cannon Blade Trap [Rating: 17] Favorites ----------- Power Light Nuclear Core Engine Ion Engine Power Core Light Nuclear Core Propulsion Improved Treads Treads Improved Treads Leg Aluminum Leg Flight Unit Flight Unit Utility Transport Network Coupler Device Heat Sink Storage Small Storage Unit Processor Transport Network Coupler Weapon Advanced Beam Cannon Energy Gun Medium Laser Energy Cannon Advanced Beam Cannon Build | -11 -10 -10 ------- Run | Yrd Mat Min Slots Evolved . | . . . Power . | . . . Propulsion . | . . . Utility . | . . . Weapon . | . . . Parts Attached 30 | 7 16 7 Power 4 | 1 2 1 Engine 2 | 1 1 . Core 2 | . 1 1 Reactor . | . . . Propulsion 10 | 2 7 1 Treads 5 | . 4 1 Leg 4 | 2 2 . Wheel . | . . . Hover . | . . . Flight 1 | . 1 . Utility 8 | 1 3 4 Device 3 | . 1 2 Storage 4 | 1 1 2 Processor 1 | . 1 . Hackware . | . . . Protection . | . . . Artifact . | . . . Weapon 8 | 3 4 1 Energy Gun 4 | 3 1 . Energy Cannon 4 | . 3 1 Ballistic Gun . | . . . Ballistic Cannon . | . . . Launcher . | . . . Special Weapon . | . . . Impact Weapon . | . . . Slashing Weapon . | . . . Piercing Weapon . | . . . Special Melee Weapon . | . . . Unidentified Prototypes 1 | . 1 . Parts Lost 2 | . 1 1 Power . | . . . Propulsion 2 | . 1 1 Utility . | . . . Weapon . | . . . Highest Loss Streak 1 | . 1 1 To Critical Strikes . | . . . Average Slot Usage (%) 99 | . 98 100 Core 13 | . 12 14 Treads 21 | . 18 28 Leg 6 | . 9 . Storage 13 | . 14 13 Processor 12 | . 12 14 Energy Gun 6 | . 9 . Energy Cannon 21 | . 18 28 Peak Build Rating 17 | 6 16 17 Average Rating 14 | 5 13 16 On Entrance 7 | . 6 16 Naked Turns . | . . . Heaviest Build 33 | 14 33 33 Greatest Support 46 | 20 46 46 Greatest Overweight (x) 4 | 4 1 . Average Overweight (x) . | . . . Largest Inventory Capacity 15 | 8 15 15 Average Capacity 11 | 7 10 14 Most Carried 15 | 4 10 15 Average Carried 9 | 2 7 13 Final Capacity 15 | 8 15 15 Final Carried 14 | 4 10 14 Class Distribution -------------------- 98% | Mutant Dominant Class ---------------- Mutant | -10/Materials Mutant | -10/Mines Resources | -11 -10 -10 ----------- Run | Yrd Mat Min Matter Collected 547 | 270 217 60 Remotely . | . . . Salvage Created 1206 | 89 825 292 Parts 81 | 15 56 10 Haulers Intercepted 2 | . 2 . Recyclers Shooed . | . . . Parts Field Recycled . | . . . Retrieved Matter . | . . . Parts Self-Destructed . | . . . Prevented . | . . . Kills | -11 -10 -10 ------- Run | Yrd Mat Min Combat Hostiles Destroyed 20 | . 14 6 Guns 11 | . 11 . Cannons 9 | . 3 6 Classes Destroyed 10 | 1 9 . Worker 1 | . 1 . Builder 1 | . 1 . Tunneler 5 | 5 . . Hauler 2 | . 2 . Recycler 2 | . 1 1 Mechanic 1 | . 1 . Operator 1 | . 1 . Watcher 3 | . 3 . Swarmer 5 | . 3 2 Grunt 15 | . 11 4 Best Kill Streak 4 | 4 3 3 Combat Bots Only 3 | . 3 2 Max Kills in Single Turn 1 | 1 1 1 Gunslinging . | . . . Exploded . | . . . Melee . | . . . Uniques/NPCs Destroyed . | . . . Combat | -11 -10 -10 -------- Run | Yrd Mat Min Hostile Shots Fired 115 | . 56 59 Missed 20 | . 9 11 Damage Taken 1147 | . 607 540 Core 253 | . 153 100 Absorbed by Shields . | . . . Core Remaining (%) 100 | 100 . . Volleys Fired 103 | 13 71 19 Largest 2 | 2 2 2 Hottest 136 | 90 136 136 Shots Fired 190 | 26 132 32 Gun 124 | 26 98 . Cannon 66 | . 34 32 Launcher . | . . . Special . | . . . Kinetic . | . . . Thermal 188 | 24 132 32 Explosive . | . . . Electromagnetic 2 | 2 . . Robot Hit Streak 13 | 9 9 13 Robot Miss Streak 5 | 3 5 4 Penetration Max . | . . . Secondary Targets . | . . . Shots Hit Robots 110 | 16 73 21 Core Hits 51 | 6 36 9 Critical Kills 1 | . 1 . Critical Parts Destroyed . | . . . Critical Strikes 6 | 1 5 . Burn 5 | 1 4 . Meltdown 1 | . 1 . Melee Attacks . | . . . Impact . | . . . Slashing . | . . . Piercing . | . . . Sneak Attacks . | . . . Combat Hostiles . | . . . Follow-up Attacks . | . . . Damage Inflicted 1664 | 187 1025 452 Guns 883 | 187 696 . Cannons 781 | . 329 452 Explosions . | . . . Melee . | . . . Ramming . | . . . Kinetic . | . . . Thermal 1652 | 175 1025 452 Explosive . | . . . Electromagnetic 12 | 12 . . Impact . | . . . Slashing . | . . . Piercing . | . . . Highest Corruption 1 | . 1 1 Average Corruption 1 | . 1 1 Corruption Purged . | . . . Corruption Blocked . | . . . Effects 25 | . 15 10 Message Errors 5 | . 3 2 Matter Fused 7 | . 7 . Heat Flow Errors 2 | . . 2 Energy Discharges 2 | . 1 1 Parts Rejected 2 | . 1 1 Data Loss (minor) 2 | . . 2 Data Loss (major) 4 | . 2 2 Weapon Failures 1 | . 1 . Overload Shots . | . . . Overflow Damage 17 | . . 17 Projectiles 17 | . . 17 Explosions . | . . . Melee . | . . . Knockbacks . | . . . Impact . | . . . Kinetic . | . . . Secondary . | . . . Self-Inflicted Damage . | . . . Shots . | . . . Rammed . | . . . Targets Rammed . | . . . Kicked . | . . . Crushed . | . . . Highest Temperature 461 | 130 461 428 Average Temperature 110 | 56 91 190 Received Heat Transfer 450 | . 222 228 Effects 12 | . 7 5 Shutdowns 2 | . 1 1 Energy Bleed 2 | . 1 1 Interference 8 | . 5 3 Siege Activations . | . . . Robots Corrupted . | . . . Combat Hostiles . | . . . Parts Fried . | . . . Impact Corruptions . | . . . Robots Melted 1 | . 1 . Combat Hostiles . | . . . Parts Melted 7 | . 6 1 Heat Transferred 4035 | 521 2700 814 Parts Sabotaged . | . . . Parts Stolen . | . . . Parts Stripped . | . . . Power Chain Reactions . | . . . Alert | -11 -10 -10 ------- Run | Yrd Mat Min Peak Influence 219 | 25 219 155 Initial 16 | . 16 14 Average 72 | 13 75 77 Maximum Alert Level 1 | . 1 . Low Security (%) 93 | 100 89 100 Level 1 6 | . 10 . Level 2 . | . . . Level 3 . | . . . Level 4 . | . . . Level 5 . | . . . High Security . | . . . Max Security . | . . . Squads Dispatched 5 | . 5 . Investigation 2 | . 2 . Extermination . | . . . Reinforcement 3 | . 3 . Assault . | . . . Garrison . | . . . Intercept . | . . . Searches Triggered . | . . . Construction Impeded . | . . . Haulers Reinforced . | . . . Active Scanning Responses . | . . . Cargo Convoy Interrupts . | . . . Stealth | -11 -10 -10 --------- Run | Yrd Mat Min Distress Signals 1 | . 1 . Communications Jammed . | . . . Distress Signals . | . . . Times Spotted 43 | . 29 14 Peak Tracking Total 5 | . 5 3 Tactical Retreats 8 | . 3 5 Traps | -11 -10 -10 ------- Run | Yrd Mat Min Traps Triggered 1 | . 1 . Indirectly . | . . . Trap Hack Attempts . | . . . Triggered . | . . . Disarmed . | . . . Reprogrammed . | . . . Reused . | . . . Traps Extracted . | . . . Installed . | . . . Triggered . | . . . Most Traps Carried 3 | . . 3 Machines | -11 -10 -10 ---------- Run | Yrd Mat Min Machines Disabled . | . . . Max in Single Turn . | . . . Machines Repaired . | . . . Machines Dismantled . | . . . Machines Sabotaged . | . . . Overloaded Fab Kills . | . . . Hacking | -11 -10 -10 --------- Run | Yrd Mat Min Machines Accessed 6 | . 6 . Terminals 4 | . 4 . Fabricators . | . . . Repair Stations . | . . . Recycling Units 2 | . 2 . Scanalyzers . | . . . Garrison Access . | . . . Total Hacks 11 | . 11 . Successful 7 | . 7 . Failed 4 | . 4 . Catastrophic 2 | . 2 . Database Lockouts . | . . . Manual . | . . . Terminals 6 | . 6 . Fabricators . | . . . Repair Stations . | . . . Recycling Units 5 | . 5 . Scanalyzers . | . . . Garrison Access . | . . . Terminal Hacks 4 | . 4 . Branch Access Points 1 | . 1 . Locate Traps 1 | . 1 . Recall Investigation 1 | . 1 . Zone Layout 1 | . 1 . Fabricator Hacks . | . . . Repair Station Hacks . | . . . Recycling Unit Hacks 3 | . 3 . Report Inventory 3 | . 3 . Scanalyzer . | . . . Garrison Access Hacks . | . . . Unauthorized Hacks . | . . . Terminals . | . . . Fabricators . | . . . Repair Stations . | . . . Recycling Units . | . . . Scanalyzers . | . . . Garrison Access . | . . . Data Cores Recovered . | . . . Used . | . . . Hacking Detections 4 | . 4 . Full Trace Events 1 | . 1 . Feedback Events . | . . . Feedback Blocked . | . . . Robot Schematics Acquired . | . . . Robots Built . | . . . Authchips . | . . . Time . | . . . Total Robot Build Rating . | . . . Part Schematics Acquired . | . . . Parts Built . | . . . Authchips . | . . . Time . | . . . Total Part Build Rating . | . . . Parts Repaired . | . . . Time . | . . . Parts Recycled . | . . . Recycled Matter . | . . . Retrieved Matter . | . . . Retrieved Components . | . . . Parts Scanalyzed . | . . . Part Schematics Acquired . | . . . Parts Damaged . | . . . Bothacking | -11 -10 -10 ------------ Run | Yrd Mat Min Used RIF Installer . | . . . Robots Hacked . | . . . Non-combat . | . . . Combat . | . . . Robot Hacks Applied . | . . . Relay Couplers Released . | . . . Fabnet Peak Effective % . | . . . Robots Rewired . | . . . Allies Hacked . | . . . Hacks Repelled . | . . . Allies | -11 -10 -10 -------- Run | Yrd Mat Min Total Allies . | . . . Largest Group . | . . . Highest-Rated Group . | . . . Highest-Rated Ally . | . . . Total Orders . | . . . Ally Attacks . | . . . Total Damage . | . . . Kills . | . . . Allies Corrupted . | . . . Allies Melted . | . . . Intel | -11 -10 -10 ------- Run | Yrd Mat Min Robot Analysis Total . | . . . Derelict Logs Recovered 2 | . . 2 Drone Launches . | . . . Drone Recoveries . | . . . Exploration | -11 -10 -10 ------------- Run | Yrd Mat Min Turns Passed 2968 | 187 1871 910 Spaces Moved 1590 | 106 1049 435 Core 15 | 15 . . Treads 1136 | . 701 435 Legs 439 | 91 348 . Wheels . | . . . Hover . | . . . Flight . | . . . Fastest Speed 50 | 50 120 160 Average Speed 149 | 126 148 160 Slowest Speed 250 | 250 190 160 Overloaded Moves . | . . . Propulsion Burnouts . | . . . Robots Hopped . | . . . Cave-ins Triggered . | . . . Exploration Rate (%) 59 | 5 93 81 Regions Visited 2 Branch Regions 1 Pre-discovered Areas 1 | . . 1 Known Exits Taken 1 | . 1 . Unknown Exits Taken 1 | 1 . . Scrap Searched 1 | . . 1 Spaces Dug . | . . . Terrain Destroyed . | . . . Melee . | . . . Projectile . | . . . AOE . | . . . Terrain Rammed . | . . . Walls Destroyed . | . . . Machines Disabled . | . . . Actions | -11 -10 -10 --------- Run | Yrd Mat Min Total 1974 | 129 1229 616 Wait 219 | . 84 135 Move 1588 | 105 1048 435 Hop . | . . . Pick Up 28 | 4 5 19 Fast Attach 11 | 6 4 1 Attach 2 | . 1 1 Detach 1 | . 1 . Swap 17 | 1 11 5 Drop 5 | . 4 1 Fire 103 | 13 71 19 Melee . | . . . Ram . | . . . Kick . | . . . Crush . | . . . Escape Stasis . | . . . Rewire . | . . . Trap . | . . . Miscellaneous . | . . . Route ------- -11/Scrapyard -10/Materials (discovered 5 exits: [*Mat x2] / *Min x2 / [*Sub]) -10/Mines (discovered 1 exit: [*Mat]) History --------- Turn | Location | Event 22 | -11/Scrapyard | Discovered new exit (range 16) 188 | -11/Scrapyard | Entered Materials 281 | -10/Materials | Discovered new exit (range 10) 309 | -10/Materials | Build established: Mutant 338 | -10/Materials | Core integrity fell below 50% 473 | -10/Materials | Discovered new exit (range 16) 583 | -10/Materials | Identified exit to Mines 792 | -10/Materials | Discovered new exit (range 16) 1145 | -10/Materials | Discovered new exit (range 12) 1429 | -10/Materials | Discovered new exit (range 10) 2059 | -10/Materials | Entered Mines 2092 | -10/Mines | Core integrity fell below 20% 2156 | -10/Mines | Met a Derelict bent on vengeance 2156 | -10/Mines | Found a hidden stash of uninstalled traps 2220 | -10/Mines | A weapon hastily lodged in a ceiling crevice suddenly fell to the ground 2241 | -10/Mines | Learned location of Zion (-7) 2870 | -10/Mines | Discovered new exit (range 14) 2969 | -10/Mines | Destroyed by G-34 Mercenary with Small Laser Last Messages --------------- 02666_ System corrupted: Component data lost. 02666_ K-01 Serf collects debris. 02667_ Acquired 11 matter. 02670_ K-01 Serf collects debris. 02674_ Acquired 6 matter. 02674_ K-01 Serf collects debris. 02840_ System corrupted: Substantial component data lost. 02869_ Acquired derelict log, extracted data. Data stored: Recycling entrances (x1). 02870_ EXIT=FOUND 02872_ System corrupted: Adv. Beam Cannon rejected. 02872_ Acquired Adv. Beam Cannon. 02912_ XZ22&1O=#G8IPSGM6G0BC&KIZEI=U 02913_ U-05 Engineer lays Concrete. 02913_ T-07 Excavator is excavating. 02914_ U-05 Engineer lays Concrete. 02916_ U-05 Engineer builds a Wall. 02917_ T-07 Excavator is excavating. 02927_ U-05 Engineer lays Concrete. 02929_ U-05 Engineer builds a Wall. Map ----- +----------------------------------------------------+ | ######## #??## ## #??? | | ## #???## ### ## #??? | | ## #????# #?# ######??? | | ####### ## ####?# #?## ##???????? | | #??????# # #?# #??#####????????? | | ???????# #?# ####????????????? | | ???????# """ #?# #????????????? | | ???????#### """ #?#### #????????????? | | ??????????# """ #????# #????????????? | | ??????????# #????# #????????????? | | ??????????# #????# #????????????? | | ??????????#######????# #????????????? | | ?????????????????????# #????????????? | | ?????????????????????# #????????????? | | ?????????????????????# #??####??????? | | ?????????????????????# #?## ##?????? | | ???????????????????### ### ##????? | | ?????????##????????# ##???? | | ?????????# ###????# #???? | | ????????# #???# ##### #???? | | ?????????# #### #???# #???? | | ???????????# #???# ##???? | | ???????????### ########## ##????? | | ?????????????## #??### ##?????? | | ??????????????####??# ##??????? | | ???????????????????# ##@###???????? | | ?????????????????# ??# #?????????? | | ?????????????????# ????# #?????????? | | ?????????????????# ?????# #?????????? | | ????????????????????????# #?????????? | | ????????????????????????# #?????????? | | ??????????????????????? g#?????????? | | ????????????????????? ?????????? | | ??????????????????? ?????????? | | ????????????????? ????????? | | ??????????????? ????????? | | ????????????? ???????? | | ##?????????? < ???????? | | ##?????????? ### #??????? | | #??????????# #??## ##??????? | | #???????????# #????## ##???????? | | #???????????### ???????###????????? | | ##?????????????#???????????????????? | | ############????????????????????????? | | ??????????????????????? | | ###???????????????????????????? | | #### #?????????????????????????????? | | #??# #?????????????????????????????? | | #?## ##????????????????????????????? | | ?## %#????????????????????????????? | +----------------------------------------------------+ Best States ------------- Heat Dissipation 35 Energy Generation 14 Energy Capacity 250 Matter Stores 300 Matter Capacity 300 Sight Range 16 Terrain Scan Density 10 Evasion (%) 55 Recoil Reduction 2 Item Schematics ----------------- None Robot Schematics ------------------ None Fabricated ------------ Nothing Alien Tech Used ----------------- None Achievements -------------- None Challenges ------------ None Game ------ Seed LayeredDefenseMatrix Manual? 0 Play Time 00:23:43 Cumulative 10.2 hours Start 2024.12.31 @ 13:39:23 End 2024.12.31 @ 14:02:53 Sessions 1 Manual Loads 0 Difficulty Rogue Special Mode None Game No. 12 Rogue 12 Adventurer 0 Explorer 0 Win Type - Total 0 Types 0/0/0/0/0/0/0/0/0 Lore% 11 Gallery% 14 Achievement% 13 Wizard Run 0 Options --------- Layout 0 ASCII 0 Keyboard 0 Movement Numpad Keybinds 0 Fullscreen 1 Font 18/SmallcapsGlow Map View 112x50 Zoom Use 0% Tactical HUD 1 Map Filters NONE Filters NONE Steam 1 RUN: fd584437-56ba-46b7-a23c-27bb194ba389